 Dungeon Crawl Stone Soup version 0.31-a0-455-g1a7b003ef0 (webtiles) character file.

Game seed: 7533829151694521049

7980 MackTheKnife the Martial Artist (level 11, -3/77 HPs)
             Began as an Octopode Shapeshifter on Aug 3, 2023.
             Was an Initiate of Gozag.
             Slain by a deep troll earth mage (11 damage)
             ... while petrified by a basilisk
             ... on level 11 of the Dungeon.
             The game lasted 00:14:16 (10175 turns).

MackTheKnife the Martial Artist (OpSh)             Turns: 10175, Time: 00:14:16

Health: -3/77      AC:  5    Str: 15    XL:     11   Next: 23%
Magic:  0/11       EV:  2    Int: 17    God:    Gozag
Gold:   402        SH:  0    Dex: 16    Spells: 10/10 levels left

rFire   + .          .
                       - Unarmed
rCold   + + .        y - +2 buckler
rNeg    + + +        (helmet currently unavailable)
rPois   ∞            C - amulet "Irokhloo" {Spirit rElec}
rElec   +            g - +4 ring of protection
rCorr   +            z - ring of protection from cold
SInv    +            (no ring)
Will    .....        f - ring of see invisible
Stlth   ++           d - ring of positive energy
HPRegen 0.32/turn    H - +6 ring of intelligence
MPRegen 0.12/turn    m - ring "Pudotin" {rPois rF+ rC+ rCorr}
                     (no ring)

%: guardian spirit
@: beast-form, petrified
A: beast (slay +3), almost no armour, amphibious, 8 rings, camouflage 1,
gelatinous body 1, (nimble swimmer 1), tentacles
a: Begin Untransformation, Renounce Religion, Potion Petition, Call Merchant,
Bribe Branch


You were on level 11 of the Dungeon.
You worshipped Gozag.
Gozag was aware of your devotion.
You were a hulking beast.
You visited 2 branches of the dungeon, and saw 12 of its levels.
You also visited: Bailey.

You collected 2447 gold pieces.
You spent 1353 gold pieces at shops.
You paid 692 gold pieces to Gozag.


Innate Abilities, Weirdness & Mutations

You are a hulking beast.
Your limbs bulge with bestial killing power. (Slay +3)
You are immune to poison.
You cannot wear most types of armour.
You are amphibious.
You can wear up to eight rings at the same time.
Your skin changes colour to match your surroundings (Stealth+).
Your rubbery body absorbs attacks. (AC +1, EV +1)
((You are camouflaged when in or above water. (Stealth+)))
You have tentacles for arms and can constrict up to eight enemies at once.


   Skills:
 - Level 8.0 Fighting
 - Level 8.0 Dodging
 - Level 5.2 Shields
 - Level 11.5 Unarmed Combat
 + Level 4.6 Shapeshifting


You had 10 spell levels left.
You didn't know any spells.
Your spell library contained the following spells:

 Spells                   Type           Power      Damage    Failure   Level
 Apportation              Tloc           0%         N/A       30%         1
 Necrotise                Necr           0%         1d4       30%         1
 Summon Small Mammal      Summ           0%         N/A       30%         1
 Alistair's Intoxication  Tmut/Pois      0%         N/A       100%        5

Inventory:

Hand Weapons
 F - the +9 falchion of Voecsy {freeze, rF+ rN+, long}
   (You found it on level 7 of the Dungeon)

   rF:        It protects you from fire.
   rN:        It protects you from negative energy.
Armour
 a - a +1 hat
   (You found it on level 7 of the Dungeon)
 y - a +2 buckler (worn)
   (You found it on level 6 of the Dungeon)
Jewellery
 d - a ring of positive energy (on tentacle)
   (You took it off an orc wizard on level 8 of the Dungeon)
 f - a ring of see invisible (on tentacle)
   (You took it off an orc priest on level 6 of the Dungeon)
 g - a +4 ring of protection (left tentacle)
   (You found it on level 2 of the Dungeon)
 m - the ring "Pudotin" (on tentacle) {rPois rF+ rC+ rCorr}
   (You bought it in a shop on level 9 of the Dungeon)

   [ring of poison resistance]

   rF:        It protects you from fire.
   rC:        It protects you from cold.
   rPois:     It protects you from poison.
   rCorr:     It protects you from acid and corrosion.
 z - a ring of protection from cold (right tentacle)
   (You found it on level 6 of the Dungeon)
 C - the amulet "Irokhloo" (around mantle) {Spirit rElec}
   (You bought it in a shop on level 8 of the Dungeon)

   [amulet of guardian spirit]

   It causes incoming damage to be divided between your reserves of health and
   magic.
   rElec:     It insulates you from electricity.
 G - a ring of ice
   (You found it on level 7 of the Dungeon)
 H - a +6 ring of intelligence (on tentacle)
   (You found it on level 8 of the Dungeon)
Talismans
 b - a beast talisman (active)
 B - a blade talisman
   (You found it on level 6 of the Dungeon)
Wands
 s - a wand of mindburst (8)
   (You found it on level 4 of the Dungeon)
 D - a wand of flame (9)
   (You found it on level 7 of the Dungeon)
Scrolls
 c - 4 scrolls of teleportation {@r4}
 h - 2 scrolls of amnesia
 j - 2 scrolls of brand weapon
 l - 3 scrolls of poison {!r}
 o - 2 scrolls of enchant armour {unknown}
 p - a scroll of blinking {unknown}
 q - 2 scrolls of silence {!r}
 r - 2 scrolls of revelation {unknown}
 K - a scroll of vulnerability {unknown}
Potions
 e - 2 potions of magic
 i - 3 potions of ambrosia
 t - a potion of resistance
 u - 4 potions of might {unknown}
 v - a potion of curing {@q1}
 w - a potion of brilliance {unknown}
 x - 3 potions of enlightenment
 A - a potion of degeneration {unknown}
 E - a potion of heal wounds {unknown}
 J - a potion of berserk rage {unknown}
Miscellaneous
 k - a phial of floods
   (You found it in a bailey)

Dungeon Overview and Level Annotations

Branches:
Dungeon (11/15) Zot: 26908  Temple (1/1) D:4 Zot: 5989    Lair (0/5) D:9
 Bailey (visited)
    Orc: D:9-12

Altars:
Ashenzari
Cheibriados
Dithmenos
Elyvilon
Fedhas
Gozag
Hepliaklqana
Kikubaaqudgha
Makhleb
Nemelex Xobeh
Okawaru
Qazlal
Ru
Sif Muna
Trog
Uskayaw
Vehumet
Wu Jian
Xom
Yredelemnul
Zin
The Shining One

Shops:
D:5 (   D:6 =[   D:8 =   D:9 =

Portals:
Trove: D:10 (give +5 demon blade)

Annotations:
D:4 2 transporters, sanka2's ghost, amateur MfSh
D:7 t4s4d4r's ghost, novice OpSh
D:8 1 runed translucent door, Vill's ghost, novice MiBe

#. #..# #.##.. $ #.#######..#
#.##.#
..........###.##.#####.#
####^.. ##...............#
........##...###.##.#####.###
..........>..................
......####)#.###.##.#####.###
#.<..)))........#
......####)#.###hO### #####.
#.#.###lT.## #[ #.####Ol8..#
.. ..# #.......# #.
####.#...#B#.# #.
#....O......# #.
#...#.#:#.#...#
...8...:#)...8.. .#...#.
#.#...


You could see a boulder beetle, 3 two-headed ogres, a deep troll earth mage and
2 basilisks.


Message History

The orc priest hits you with a +0 hand axe.
The orc is distracted by your dazzling golden aura.
The orc shouts!
You bludgeon the orc priest!
You kill the orc priest!
The orc wizard hits you with a +2 dagger of protection.
The orc closely misses you. 😕 HP[-9] MP[-1]
You take 9 damage, and now have 68/77 hp.
You lost 1 mp, and now have 10/11 mp.
You barely miss the orc wizard. You grab the orc wizard.
You constrict the orc wizard, but do no damage.
The orc wizard casts a spell at you.
You easily resist.
The orc hits you with a +0 dagger.
You bludgeon the orc wizard! You constrict the orc wizard.
You kill the orc wizard!
You barely miss the orc. You grab the orc. You squeeze the orc!
You kill the orc!
The orc is no longer distracted by gold.
The orc hits you with a +1 hand axe of electrocution.
Things that are here:
3 gold pieces; a +2 dagger of protection {short}; a +0 robe 😕 HP[-5] MP[-1]
You take 5 damage, and now have 63/77 hp.
You lost 1 mp, and now have 9/11 mp.
You bludgeon the orc!
You kill the orc! 😕 HP[+1] No target in view!
No target in view!
No target in view!
No target in view!
No target in view!
No target in view!
You now have 374 gold pieces (gained 3).
Things that are here:
a +2 dagger of protection {short}; a +0 robe Key pressed, stopping explore.
You now have 379 gold pieces (gained 5).
Things that are here:
a +0 hand axe {axe}; a +0 leather armour You now have 387 gold pieces (gained 8).
You see here a +1 hand axe of electrocution {axe}. 😎 HP[+13] MP[+2]
Your hp is fully restored (77).
Your mp is fully restored (11).
You now have 395 gold pieces (gained 8).
You see here a +0 dagger {short}.
You now have enough gold to petition Gozag for potion effects.
You now have 402 gold pieces (gained 7).
Things that are here:
a +0 dagger {short}; a +0 scale mail
Things that are here:
a +0 hand axe {axe}; a +0 leather armour Key pressed, stopping explore.
A basilisk comes into view.
Unknown command.
A boulder beetle and a deep troll earth mage come into view.
A two-headed ogre comes into view. It is wielding two +0 giant clubs.
The basilisk hisses angrily.
The two-headed ogre shouts in stereo!
You hear an angry hiss.
The two-headed ogre moves out of view.
A two-headed ogre comes into view.
It is wielding two +0 giant spiked clubs.
The two-headed ogre shouts in stereo!
The deep troll earth mage points next to the basilisk and mumbles some strange words.
Some rock shatters into small pieces.
The boulder beetle curls into a ball and begins rolling!
You tentacle-slap the basilisk. Your grab misses the basilisk.
You tentacle-slap the basilisk. Your squeeze misses the basilisk.
The basilisk gazes at you.
You are slowing down.
A basilisk comes into view.
Your limbs are stiffening.
The boulder beetle hits you!
The boulder beetle stops rolling and uncurls.
The deep troll earth mage casts a spell next to you.
The wall shatters!
The blast of rock fragments hits you!!
You have turned to stone.
The boulder beetle bites you. The basilisk bites you.
The boulder beetle bites you but does no damage.
The basilisk bites you. The boulder beetle bites you! The basilisk bites you!
A two-headed ogre comes into view.
It is wielding a +0 giant club and a +0 giant spiked club.
The boulder beetle bites you!!
* * * LOW HITPOINT WARNING * * *
The two-headed ogre shouts in stereo!
The basilisk gazes at you.
The two-headed ogre hits you with a +0 giant spiked club!
* * * LOW HITPOINT WARNING * * *
The two-headed ogre hits you with a +0 giant spiked club!!
* * * LOW HITPOINT WARNING * * *
The boulder beetle leaps!
The basilisk gazes at you.
The two-headed ogre hits you with a +0 giant spiked club!
* * * LOW HITPOINT WARNING * * *
The two-headed ogre hits you with a +0 giant spiked club.
* * * LOW HITPOINT WARNING * * *
The deep troll earth mage bites you!!
You die...
Your body crumbles into a pile of gold.

Skill      XL: |  1  2  3  4  5  6  7  8  9 10 11 |
---------------+----------------------------------+-----
Unarmed Combat | 4 5 6 8 9 11 | 11.5
Shapeshifting  | 4 |  4.6
Fighting       | 2 4 6 8 |  8.0
Dodging        | 4 8 |  8.0
Shields        | 3 5 |  5.2

Action                     |  1- 3 |  4- 6 |  7- 9 | 10-12 || total
---------------------------+-------+-------+-------+-------++-------
  Melee: Unarmed           |    55 |    75 |   214 |   241 ||   585
         Constrict         |    13 |    18 |    55 |    50 ||   136
         Tentacles         |     9 |    17 |    53 |    54 ||   133
         Punch             |     2 |     3 |    15 |    27 ||    47
 Invoke: Call Merchant     |       |       |       |     1 ||     1
  Evoke: Wand              |       |       |    13 |       ||    13
    Use: Scroll            |       |       |    12 |     4 ||    16
         Potion            |       |       |     2 |     1 ||     3
   Stab: Sleeping          |     6 |     5 |     3 |     5 ||    19
         Distracted        |       |     1 |     2 |       ||     3
 Armour: Skin              |     4 |    16 |    41 |    36 ||    97
  Dodge: Dodged            |    29 |    29 |   119 |   137 ||   314
  Block: Buckler           |       |       |       |    15 ||    15

Levels and vault maps discovered:
D:1:      minmay_arrival_four_houses, layout_rooms, reono_crystal_passage,
          due_unseen_surprise
D:2:      layout_loops_corners, minmay_tripent, uniq_sigmund
D:3:      cheibrodos_pilgrimage, layout_basic, minivault_4,
          minmay_fractal_squares_5
D:4:      layout_basic, nicolae_wu_jian_immortal_techniques,
          minmay_temple_entry_glassed_door, gammafunk_ghost_arena
D:5:      layout_rooms, serial_shops, nicolae_diamond_shop
D:6:      layout_cave_pools, nicolae_overflow_crystal_walls,
          cheibrodos_ashenzari_chains, serial_shops, shop,
          nicolae_lakefront_shop, hangedman_decor_push, uniq_duvessa,
          uniq_edmund
D:7:      layout_basic, lemuel_zombie_altar_yredelemnul, trog_hazing_becter,
          gammafunk_ghost_arena, chequers_serial_rivers_room_b, uniq_menkaure
D:8:      layout_rooms, chei_slow_surprise, gammafunk_ghost_grave, uniq_joseph
D:9:      nicolae_cairo_tiling_large_dashed, layout_basic, lemuel_round_altar,
          serial_shops, nicolae_shop_gaudy_bauble, enter_bailey_5
D:10:     layout_basic, nicolae_trove_entry_crystal, kennysheep_nub, uniq_fannar
D:11:     minmay_roctagon, layout_basic, orc_0_dummy, minmay_orc_keep,
          uniq_snorg
Temple:   minmay_freezing_vapour_temple

Notes
Turn   | Place    | Note
-------+----------+-------------------------------------------
     0 | D:1      | MackTheKnife the Octopode Shapeshifter began the quest for
                  | the Orb.
     0 | D:1      | Reached XP level 1. HP: 13/13 MP: 1/1
     0 | D:1      | magus.rc [v1.9.6]
    94 | D:1      | Reached XP level 2. HP: 18/18 MP: 2/2
   411 | D:1      | magus.rc [v1.9.6]
   712 | D:2      | Reached XP level 3. HP: 20/23 MP: 3/3
  1178 | D:2      | Reached skill level 4 in Unarmed Combat
  1178 | D:2      | Reached XP level 4. HP: 20/28 MP: 4/4
  1317 | D:2      | Noticed Sigmund
  1327 | D:2      | Killed Sigmund
  1328 | D:2      | Reached skill level 5 in Unarmed Combat
  1328 | D:2      | Reached skill level 4 in Shapeshifting
  1328 | D:2      | Reached XP level 5. HP: 33/33 MP: 5/5
  1328 | D:2      | Reached XP level 6. HP: 38/38 MP: 6/6
  1571 | D:3      | Identified the +2 war axe of Luiruesu {spect, Fly rN+ Will-
                  | SInv}
  2151 | D:3      | Reached skill level 2 in Fighting
  2521 | D:4      | Noticed a steam dragon
  2531 | D:4      | Noticed sanka2's ghost (amateur MfSh)
  2532 | D:4      | Found a transporter.
  2544 | D:4      | Found a transporter.
  2625 | D:4      | Reached XP level 7. HP: 45/45 MP: 7/7
  2778 | D:4      | Found a staircase to the Ecumenical Temple.
  2790 | Temple   | Entered the Ecumenical Temple
  2795 | Temple   | Became a worshipper of Gozag Ym Sagoz the Greedy
  2813 | D:4      | Found an ornate altar of the Wu Jian Council.
  2971 | D:4      | Reached skill level 3 in Fighting
  2976 | D:4      | HP: 5/46 [iguana (13)]
  2983 | D:4      | Reached skill level 6 in Unarmed Combat
  3294 | D:5      | Entered Level 5 of the Dungeon
  3376 | D:5      | Found Wiochoqy's Antique Weapon Shoppe.
  3778 | D:5      | Reached skill level 4 in Fighting
  3943 | D:6      | You pick up a book of Cantrips and begin reading...
  3943 | D:6      | You add the spells Necrotise, Summon Small Mammal and
                  | Apportation to your library.
  3987 | D:6      | Found a broken altar of Ashenzari.
  4006 | D:6      | Reached XP level 8. HP: 40/54 MP: 8/8
  4089 | D:6      | Reached skill level 7 in Unarmed Combat
  4093 | D:6      | You pick up a book of Party Tricks and begin reading...
  4109 | D:6      | Reached skill level 5 in Fighting
  4220 | D:6      | Found Soneuwad's Jewellery Shop.
  4308 | D:6      | Bought a ring of poison resistance for 220 gold pieces
  4318 | D:6      | Found a glowing silver altar of Zin.
  4332 | D:6      | Noticed Duvessa
  4332 | D:6      | Noticed Dowan
  4344 | D:6      | Killed Duvessa
  4347 | D:6      | Killed Dowan
  4360 | D:6      | Reached skill level 6 in Fighting
  4360 | D:6      | Reached skill level 8 in Unarmed Combat
  4620 | D:6      | Reached XP level 9. HP: 29/63 MP: 9/9
  4665 | D:6      | Noticed Edmund
  4724 | D:6      | Killed Edmund
  4823 | D:6      | Found Qekkituj's Antique Armour Shop.
  4964 | D:7      | Noticed Menkaure
  4967 | D:7      | Killed Menkaure
  4968 | D:7      | Reached skill level 7 in Fighting
  5095 | D:7      | Reached skill level 9 in Unarmed Combat
  5098 | D:7      | Reached skill level 3 in Dodging
  5104 | D:7      | Found a transporter.
  5182 | D:7      | Found the +4 robe of Augmentation {Str+4 Int+4 Dex+4}
  5199 | D:7      | Found a transporter.
  5199 | D:7      | Noticed t4s4d4r's ghost (novice OpSh)
  5540 | D:7      | Reached skill level 4 in Dodging
  5637 | D:7      | Identified the +9 falchion of Voecsy {freeze, rF+ rN+}
  5833 | D:7      | Reached skill level 8 in Fighting
  5866 | D:7      | Found a basalt altar of Yredelemnul.
  5945 | D:7      | HP: 13/66 [yak (10)]
  5946 | D:7      | HP: 3/66 [yak (10)]
  5949 | D:7      | HP: 1/66 [yak (12)]
  6232 | D:7      | Reached XP level 10. HP: 72/72 MP: 10/10
  6238 | D:7      | Reached skill level 5 in Dodging
  6238 | D:7      | Reached skill level 10 in Unarmed Combat
  6414 | D:7      | Found a bloodstained altar of Trog.
  6684 | D:8      | Reached skill level 6 in Dodging
  6731 | D:8      | Noticed Joseph
  6794 | D:8      | Found a runed translucent door.
  6796 | D:8      | Noticed Vill's ghost (novice MiBe)
  6984 | D:8      | Killed Joseph
  7241 | D:8      | Found a snail-covered altar of Cheibriados.
  7334 | D:9      | Found a staircase to the Lair.
  7389 | D:9      | Reached skill level 11 in Unarmed Combat
  7483 | D:9      | Reached skill level 7 in Dodging
  7779 | D:9      | Found a shimmering blue altar of Sif Muna.
  7910 | D:9      | Found Bomuttey's Jewellery Shop.
  7973 | D:9      | Found a flagged portal.
  7986 | Bailey   | Entered a bailey
  7993 | Bailey   | magus.rc [v1.9.6]
  8491 | Bailey   | Found an iron altar of Okawaru.
  8702 | D:10     | Entered Level 10 of the Dungeon
  8728 | D:9      | Bought the ring "Pudotin" {rPois rF+ rC+ rCorr} for 605
                  | gold pieces
  8766 | D:8      | Bought the amulet "Irokhloo" {Spirit rElec} for 528 gold
                  | pieces
  8804 | D:10     | Noticed Fannar
  8821 | D:10     | Killed Fannar
  8822 | D:10     | Reached skill level 8 in Dodging
  8822 | D:10     | Reached skill level 3 in Shields
  8822 | D:10     | Reached XP level 11. HP: 39/77 MP: 4/11
  9172 | D:10     | Identified the +0 pair of boots "Geistrub" {Will- rCorr
                  | Str+3 SInv}
  9192 | D:10     | Reached skill level 4 in Shields
  9386 | D:10     | Found a portal to a secret trove of treasure.
  9394 | D:10     | This trove needs a +5 demon blade to function. Give it the
                  | item?
  9690 | D:10     | Reached skill level 5 in Shields
 10163 | D:11     | Noticed a boulder beetle
 10163 | D:11     | Noticed a deep troll earth mage
 10163 | D:11     | Found the +10 dark maul {heavy}
 10164 | D:11     | Noticed a two-headed ogre
 10165 | D:11     | Noticed a two-headed ogre
 10172 | D:11     | Noticed a two-headed ogre
 10173 | D:11     | HP: 14/77 [two-headed ogre/+0 giant spiked club (11)]
 10175 | D:11     | Slain by a deep troll earth mage

Vanquished Creatures
  Fannar (D:10)
  Joseph (D:8)
  An unseen horror (D:10)
  2 trolls
  Sigmund (D:2)
  2 wyverns
  4 yaks (D:7)
  A steam dragon (D:10)
  Menkaure (D:7)
  An acid dragon (D:9)
  Edmund (D:6)
  A water moccasin (D:8)
  Duvessa (D:6)
  A black bear (D:6)
  8 orc warriors
  A hornet zombie (D:7)
  2 ice beasts (D:8)
  3 sky beasts
  An ogre (D:5)
  A centaur (D:8)
  11 kobold brigands
  7 bullfrogs
  2 gnoll sergeants (D:7)
  A scorpion (D:4)
  9 wights
  Dowan (D:6)
  2 hounds
  A centaur zombie (D:7)
  2 jellies
  A gnoll bouda (D:7)
  9 orc priests
  A sleepcap (D:6)
  2 iguanas (D:4)
  9 orc wizards
  22 gnolls
  7 adders
  A white imp (D:7)
  An ufetubus (D:5)
  A worm (D:5)
  2 dart slugs
  41 orcs
  4 ball pythons
  9 endoplasms
  3 giant cockroaches
  15 goblins
  12 hobgoblins
  2 jackals (D:4)
  A quokka (D:1)
  5 bats
  3 frilled lizards
  40 kobolds
  9 rats
271 creatures vanquished.

Table legend:
 A = Non-vault XP
 B = Vault XP
 C = Vault XP percentage of total XP
 D = Non-vault monster count
 E = Vault monster count
 F = Vault count percentage of total count
                 A         B        C        D         E       F
            +---------+---------+-------+---------+---------+-------
      Total |    7833 |    3568 |  31.3 |     220 |      51 |  18.8
            +---------+---------+-------+---------+---------+-------
        D:1 |      33 |       0 |   0.0 |      20 |       0 |   0.0
        D:2 |     117 |     217 |  65.0 |      20 |       3 |  13.0
        D:3 |      62 |      61 |  49.6 |      18 |      10 |  35.7
        D:4 |     288 |       0 |   0.0 |      18 |       0 |   0.0
        D:5 |     247 |       0 |   0.0 |      11 |       0 |   0.0
        D:6 |    1180 |     366 |  23.7 |      22 |       3 |  12.0
        D:7 |    2184 |     451 |  17.1 |      42 |      10 |  19.2
        D:8 |    1031 |     475 |  31.5 |      16 |       1 |   5.9
        D:9 |    1093 |       8 |   0.7 |      24 |       4 |  14.3
       D:10 |    1514 |     857 |  36.1 |      24 |       1 |   4.0
       D:11 |      84 |       0 |   0.0 |       5 |       0 |   0.0
     Bailey |       0 |    1133 | 100.0 |       0 |      19 | 100.0
            +---------+---------+-------+---------+---------+-------

Skill      XL: |  1  2  3  4  5  6  7  8  9 10 11 |
---------------+----------------------------------+-----
Unarmed Combat | 4 5 6 8 9 11 | 11.5
Shapeshifting  | 4 |  4.6
Fighting       | 2 4 6 8 |  8.0
Dodging        | 4 8 |  8.0
Shields        | 3 5 |  5.2

Action                     |  1- 3 |  4- 6 |  7- 9 | 10-12 || total
---------------------------+-------+-------+-------+-------++-------
  Melee: Unarmed           |    55 |    75 |   214 |   241 ||   585
         Constrict         |    13 |    18 |    55 |    50 ||   136
         Tentacles         |     9 |    17 |    53 |    54 ||   133
         Punch             |     2 |     3 |    15 |    27 ||    47
 Invoke: Call Merchant     |       |       |       |     1 ||     1
  Evoke: Wand              |       |       |    13 |       ||    13
    Use: Scroll            |       |       |    12 |     4 ||    16
         Potion            |       |       |     2 |     1 ||     3
   Stab: Sleeping          |     6 |     5 |     3 |     5 ||    19
         Distracted        |       |     1 |     2 |       ||     3
 Armour: Skin              |     4 |    16 |    41 |    36 ||    97
  Dodge: Dodged            |    29 |    29 |   119 |   137 ||   314
  Block: Buckler           |       |       |       |    15 ||    15

Illustrated notes

Table legend:
 A = Kills in this place as a percentage of kills in the entire game.
 B = Kills by you in this place as a percentage of kills by you in the entire game.
 C = Kills by friends in this place as a percentage of kills by friends in the entire game.
 D = Other kills in this place as a percentage of other kills in the entire game.
 E = Experience gained in this place as a percentage of experience gained in the entire game.
 F = Experience gained in this place divided by the number of levels of this place that you have seen.
                   A       B       C       D       E      F
               +-------+-------+-------+-------+-------+----------------------
         Total | 100.0 | 100.0 |   N/A |   N/A | 100.0 | 877.0
       Dungeon |  93.0 |  93.0 |   N/A |   N/A |  90.1 | 933.5
        Bailey |   7.0 |   7.0 |   N/A |   N/A |   9.9 | 1133.0
               +-------+-------+-------+-------+-------+----------------------

Table legend: (Time is in decaauts)
 A = Elapsed time spent in this place.
 B = Non-inter-level travel time spent in this place.
 C = Inter-level travel time spent in this place.
 D = Time resting spent in this place.
 E = Time spent auto-exploring this place.
 F = Levels seen in this place.
 G = Mean time per level.
                   A        B        C        D        E       F      G
               +--------+--------+--------+--------+--------+-----+--------+
         Total |  10065 |   9693 |    372 |   1320 |   6695 |  13 |  774.2 |
       Dungeon |   9528 |   9161 |    367 |   1060 |   6547 |  11 |  866.2 |
        Temple |     10 |      5 |      5 |      0 |      0 |   1 |   10.0 |
        Bailey |    526 |    526 |      0 |    260 |    148 |   1 |  526.0 |
               +--------+--------+--------+--------+--------+-----+--------+

Top non-repeatable levels by time:
     D:7: 1597 daAuts
    D:10: 1270 daAuts
     D:3: 1001 daAuts
     D:6: 960 daAuts
     D:9: 873 daAuts
     D:2: 803 daAuts
     D:8: 770 daAuts
     D:4: 761 daAuts
     D:1: 704 daAuts
     D:5: 694 daAuts
  Bailey: 526 daAuts
    D:11: 90 daAuts
  Temple: 10 daAuts
